 Dungeon Crawl Stone Soup version 0.24.0-1-gfbc8707 (webtiles) character file.

Game seed: 167227086175068699, levelgen mode: deterministic

186 Faca the Cutter (level 5, -9/29 HPs)
             Began as a Spriggan Abyssal Knight on Oct 30, 2019.
             Was a Priest of Lugonu.
             Mangled by an ogre
             ... wielding a +0 giant spiked club
              (21 damage)
             ... on level 4 of the Dungeon.
             The game lasted 00:09:52 (4593 turns).

Faca the Cutter (Spriggan Abyssal Knight)           Turns: 4593, Time: 00:09:52

Health: -9/29      AC:  3    Str:  8    XL:     5   Next: 38%
Magic:  7/7        EV: 19    Int: 13    God:    Lugonu [***...]
Gold:   192        SH:  0    Dex: 17    Spells: 4/4 levels left

rFire    . . .     SeeInvis +   a - +2 short sword
rCold    . . .     Gourm    .   (shield restricted)
rNeg     . . .     Faith    .   h - +1 animal skin
rPois    .         Spirit   .   (helmet restricted)
rElec    .         Reflect  .   g - scarf {cloud immunity}
rCorr    .         Harm     .   (gloves unavailable)
MR       .....                  (boots unavailable)
Stlth    ++........             (no amulet)
HPRegen  0.09/turn              (no ring)
MPRegen  0.10/turn              (no ring)

@: very quick
A: very small, unfitting armour, see invisible, herbivore, speed 3, slow
metabolism 2
a: Depart the Abyss, Bend Space, Banish, Renounce Religion


You were on level 4 of the Dungeon.
You worshipped Lugonu.
Lugonu was most pleased with you.
You were not hungry.

You visited 1 branch of the dungeon, and saw 4 of its levels.
You visited the Abyss 1 time.

You collected 192 gold pieces.

Inventory:

Hand Weapons
 a - a +2 short sword (weapon)
Missiles
 n - 2 poisoned darts (quivered)
Armour
 g - a scarf of cloud immunity (worn)
 h - a +1 animal skin (worn)
Scrolls
 d - a scroll of amnesia
 k - 2 scrolls of remove curse
 o - a scroll of enchant armour
Potions
 b - a potion of haste
 e - a potion of invisibility
 f - a potion of ambrosia {unknown}
 i - a potion of lignification {unknown}
 j - a potion of cancellation
 l - a potion of resistance {unknown}
 m - 2 potions of brilliance {unknown}
Comestibles
 c - 5 rations


   Skills:
 + Level 3.9 Fighting
 + Level 4.6 Short Blades
 - Level 3.5 Dodging
 - Level 1.7 Invocations


You had 4 spell levels left.
You didn't know any spells.
Your spell library was empty.

Dungeon Overview and Level Annotations

Branches:
Dungeon (4/15)
 Temple: D:4-7

Altars:
Yredelemnul
The Shining One

Annotations:
D:2 1 runed translucent door, Crazy Yiuf, Terence


Innate Abilities, Weirdness & Mutations

You are very small and have problems with some larger weapons.
You are too small for most types of armour.
You have supernaturally acute eyesight. (SInv)
You are a herbivore.
You cover ground extremely quickly.
You need to consume almost no food.


Message History

The ogre misses you.
You barely miss the ogre.
The ogre is moderately wounded.
You hit the ogre.
The ogre is heavily wounded.
The ogre misses you.
You barely miss the ogre.
The ogre is heavily wounded.
The ogre looks more healthy.
The ogre barely misses you.
You hit the ogre.
The ogre is severely wounded.
You barely miss the ogre.
The ogre is severely wounded.
The ogre hits you with a +0 giant spiked club!
Ouch! That really hurt!
You hit the ogre.
The ogre is severely wounded.
The ogre hits you with a +0 giant spiked club!!
Ouch! That really hurt!
You die...

.⌠.. #.. ......
#.# . .?.⌠...
..###. ........
#....
#.#.#.#(###..##
.......(......#
..............#
.........O....#
......##.#@..##
.........#.#...#
##.....##.###.#
##..#.##...#.#
#####.##.........
#..........###..
. #..........# ..
#..........#...
#.......†.......


You could see an ogre.

Vanquished Creatures
  Robin (D:2)
  6 adders
  2 oozes (D:1)
  3 worms
  3 dart slugs (D:1)
  4 leopard geckos
  6 orcs
  2 giant cockroaches
  19 goblins
  11 hobgoblins
  A ball python (D:1)
  10 bats
  7 frilled lizards
  10 kobolds
  6 rats
91 creatures vanquished.

Vanquished Creatures (others)
  A kobold (D:3)
1 creature vanquished.

Grand Total: 92 creatures vanquished

Notes
Turn   | Place    | Note
-------+----------+-------------------------------------------
     0 | Abyss:1  | Faca the Spriggan Abyssal Knight began the quest for the
                  | Orb.
     0 | Abyss:1  | Reached XP level 1. HP: 11/11 MP: 3/3
    19 | Abyss:1  | Found a corrupted altar of Lugonu.
    23 | Abyss:1  | Found a radiant altar of Vehumet.
    37 | Abyss:1  | Noticed an Executioner
    40 | D:1      | Escaped the Abyss
   461 | D:1      | Reached XP level 2. HP: 16/16 MP: 4/4
   462 | D:1      | Reached * piety under Lugonu
   597 | D:1      | Reached skill level 3 in Short Blades
   950 | D:1      | Reached XP level 3. HP: 20/20 MP: 5/5
  1596 | D:2      | Reached XP level 4. HP: 19/24 MP: 6/6
  1809 | D:2      | Reached ** piety under Lugonu
  1922 | D:2      | Identified the +0 helmet "Ihystri" {-Tele rElec rC+++
                  | rCorr}
  1922 | D:2      | Noticed Robin
  2107 | D:2      | Killed Robin
  2107 | D:2      | Reached skill level 4 in Short Blades
  2871 | D:2      | Found a runed translucent door.
  2872 | D:2      | Noticed Crazy Yiuf
  2934 | D:2      | Reached XP level 5. HP: 22/29 MP: 7/7
  3030 | D:2      | Noticed Terence
  4246 | D:3      | Reached *** piety under Lugonu
  4363 | D:3      | Found a basalt altar of Yredelemnul.
  4365 | D:3      | Noticed a profane servitor
  4380 | D:3      | Found a glowing golden altar of the Shining One.
  4382 | D:3      | Noticed an angel
  4576 | D:4      | Noticed an ogre
  4593 | D:4      | Mangled by an ogre

Levels and vault maps discovered:
D:1:      onia_arrival_pyramid, layout_loops_ring, serial_forest,
          infiniplex_forest_straight_2, infiniplex_forest_clump_double,
          infiniplex_forest_corner_2, infiniplex_forest_clump_long,
          infiniplex_forest_split, moated_statue
D:2:      layout_loops_cross, uniq_crazy_yiuf_cottage, uniq_robin, uniq_terence
D:3:      layout_loops_ring, grunt_temple_overflow_holy_war,
          minmay_misc_feat_ornament, kennysheep_cross_room, dk_noncrumbling_2
D:4:      layout_rooms, lemuel_coloured_pillars_altar, elyvilon_altar_5

Skill      XL: |  1  2  3  4 |
---------------+-------------+-----
Short Blades   | 3 4 |  4.6
Fighting       | 3 |  3.9
Dodging        | |  3.5
Invocations    | |  1.7

Action                   |  1- 3 |  4- 6 || total
-------------------------+-------+-------++-------
Melee: Short sword       |   102 |   257 ||   359
Throw: Dart              |       |     4 ||     4
Invok: Depart the Abyss  |     1 |       ||     1
  Use: Scroll            |       |     9 ||     9
 Stab: Sleeping          |     4 |     3 ||     7
  Eat: Ration            |       |     1 ||     1
Armor: Robe              |    10 |     2 ||    12
       Animal skin       |       |    11 ||    11
Dodge: Dodged            |    66 |   187 ||   253
